| TOP OF THE 1ST |
|
Detroit (WIN) Tigers batting - Pitching for Milwaukee (WIN) Brewers : RHP Brett Rosinsky
|
|
Pitching: RHP Brett Rosinsky
|
|
|
Batting: LHB Freddy Troncoso
|
0-0: Ball 1-0: Ball 2-0: Called Strike 2-1: Ball 3-1: Base on Balls
|
|
Batting: RHB Yaremka Rzhevsky
|
0-0: Ball 1-0: Called Strike 1-1: Foul Ball, location: 2F 1-2: Ball 2-2: Foul Ball, location: 2F 2-2: Strikes out swinging
|
|
Batting: SHB Adam Weber
|
0-0: Ball 1-0: Fly out, F7 (Flyball, 7D, EV 75.6 MPH)
|
|
Batting: RHB Bill Cabrera
|
0-0: Ball Freddy Troncoso steals 2nd base 1-0: Called Strike 1-1: Foul Ball, location: 2F 1-2: Ball 2-2: Foul Ball, location: 2F 2-2: Strikes out looking
|
| Top of the 1st over - 0 runs, 0 hits, 0 errors, 1 left on base; Detroit (WIN) 0 - Milwaukee (WIN) 0 |
| BOTTOM OF THE 1ST |
|
Milwaukee (WIN) Brewers batting - Pitching for Detroit (WIN) Tigers : RHP Jose Esquibel
|
|
Pitching: RHP Jose Esquibel
|
|
|
Batting: SHB Jamel Wright
|
0-0: Called Strike 0-1: Ball 1-1: Ball 2-1: Foul Ball, location: 2F 2-2: Foul Ball, location: 2F 2-2: Ground out 3-1 (Groundball, 34S, EV 88.1 MPH)
|
|
Batting: RHB Kisho Ito
|
0-0: Fly out, F4 (Flyball, 4D, EV 86.9 MPH)
|
|
Batting: RHB Akitada Nishizawa
|
0-0: Ball 1-0: Ball 2-0: Foul Ball, location: 2F 2-1: Ground out 6-3 (Groundball, 56, EV 105.0 MPH)
|
| Bottom of the 1st over - 0 runs, 0 hits, 0 errors, 0 left on base; Detroit (WIN) 0 - Milwaukee (WIN) 0 |
| TOP OF THE 2ND |
|
Detroit (WIN) Tigers batting - Pitching for Milwaukee (WIN) Brewers : RHP Brett Rosinsky
|
|
Batting: LHB Takuya Uchida
|
0-0: Swinging Strike 0-1: Foul Ball, location: 2F 0-2: Strikes out swinging
|
|
Batting: RHB Joel Miller
|
0-0: Called Strike 0-1: Ball 1-1: Swinging Strike 1-2: Strikes out swinging
|
|
Batting: SHB Andy Vivas
|
0-0: Ball 1-0: Called Strike 1-1: Called Strike 1-2: Strikes out looking
|
| Top of the 2nd over - 0 runs, 0 hits, 0 errors, 0 left on base; Detroit (WIN) 0 - Milwaukee (WIN) 0 |
| BOTTOM OF THE 2ND |
|
Milwaukee (WIN) Brewers batting - Pitching for Detroit (WIN) Tigers : RHP Jose Esquibel
|
|
Batting: RHB Adrian Rudkilde
|
0-0: Swinging Strike 0-1: Ball 1-1: Ball 2-1: Ground out 6-3 (Groundball, 6, EV 88.8 MPH)
|
|
Batting: RHB Jason Gee
|
0-0: Ball 1-0: Ball 2-0: Called Strike 2-1: Called Strike 2-2: Foul Ball, location: 2F 2-2: Ground out 1-3 (Groundball, 13S, EV 71.2 MPH)
|
|
Batting: SHB Pat Wilson
|
0-0: Called Strike 0-1: Fly out, F7 (Flyball, 78M, EV 91.2 MPH)
|
| Bottom of the 2nd over - 0 runs, 0 hits, 0 errors, 0 left on base; Detroit (WIN) 0 - Milwaukee (WIN) 0 |
| TOP OF THE 3RD |
|
Detroit (WIN) Tigers batting - Pitching for Milwaukee (WIN) Brewers : RHP Brett Rosinsky
|
|
Batting: RHB Dusty Newman
|
0-0: Ball 1-0: SINGLE (Groundball, 4D, EV 100.0 MPH)
|
|
Batting: RHB Ken DiFerdinando
|
0-0: Called Strike 0-1: Ball 1-1: Fly out, F3 (Line Drive, 3, EV 70.0 MPH) Lined into DP, U3 (Line Drive, 3, EV 63.8 MPH)
|
|
Batting: LHB Freddy Troncoso
|
0-0: Ball 1-0: Fly out, F5 (Popup, 15, EV 80.0 MPH)
|
| Top of the 3rd over - 0 runs, 1 hit, 0 errors, 0 left on base; Detroit (WIN) 0 - Milwaukee (WIN) 0 |
| BOTTOM OF THE 3RD |
|
Milwaukee (WIN) Brewers batting - Pitching for Detroit (WIN) Tigers : RHP Jose Esquibel
|
|
Batting: LHB Gabe Harvey
|
0-0: Called Strike 0-1: Ball 1-1: Swinging Strike 1-2: Ball 2-2: Ball 3-2: Strikes out swinging
|
|
Batting: RHB Nick Garland
|
0-0: Fly out, F8 (Flyball, 8RXD, EV 86.9 MPH)
|
|
Batting: RHB Aaron Lind
|
0-0: Called Strike 0-1: Ball 1-1: Foul Ball, location: 2F 1-2: Ball 2-2: Foul Ball, location: 2F 2-2: Strikes out looking
|
| Bottom of the 3rd over - 0 runs, 0 hits, 0 errors, 0 left on base; Detroit (WIN) 0 - Milwaukee (WIN) 0 |
| TOP OF THE 4TH |
|
Detroit (WIN) Tigers batting - Pitching for Milwaukee (WIN) Brewers : RHP Brett Rosinsky
|
|
Batting: RHB Yaremka Rzhevsky
|
0-0: Swinging Strike 0-1: Ball 1-1: Swinging Strike 1-2: Ball 2-2: Strikes out swinging, 2-3 out at first.
|
|
Batting: SHB Adam Weber
|
0-0: Called Strike 0-1: Foul Ball, location: 2F 0-2: Strikes out swinging
|
|
Batting: RHB Bill Cabrera
|
0-0: Foul Ball, location: 2F 0-1: Ball 1-1: Ball 2-1: Foul Ball, location: 2F 2-2: Foul Ball, location: 2F 2-2: Ground out 6-3 (Groundball, 56, EV 93.1 MPH)
|
| Top of the 4th over - 0 runs, 0 hits, 0 errors, 0 left on base; Detroit (WIN) 0 - Milwaukee (WIN) 0 |
| BOTTOM OF THE 4TH |
|
Milwaukee (WIN) Brewers batting - Pitching for Detroit (WIN) Tigers : RHP Jose Esquibel
|
|
Batting: SHB Jamel Wright
|
0-0: Fly out, F8 (Line Drive, 8RD, EV 88.1 MPH)
|
|
Batting: RHB Kisho Ito
|
0-0: Ball 1-0: Called Strike 1-1: Swinging Strike 1-2: Ball 2-2: Fly out, F8 (Flyball, 8LD, EV 73.8 MPH)
|
|
Batting: RHB Akitada Nishizawa
|
0-0: Swinging Strike 0-1: Foul Ball, location: 2F 0-2: Fly out, F9 (Flyball, 89M, EV 90.6 MPH)
|
| Bottom of the 4th over - 0 runs, 0 hits, 0 errors, 0 left on base; Detroit (WIN) 0 - Milwaukee (WIN) 0 |
| TOP OF THE 5TH |
|
Detroit (WIN) Tigers batting - Pitching for Milwaukee (WIN) Brewers : RHP Brett Rosinsky
|
|
Batting: LHB Takuya Uchida
|
0-0: Foul Ball, location: 2F 0-1: SINGLE (Line Drive, 4MD, EV 95.0 MPH)
|
|
Batting: RHB Joel Miller
|
0-0: Swinging Strike 0-1: Ball 1-1: SINGLE (Groundball, 34D, EV 104.4 MPH) Takuya Uchida to second Runner from 2nd tries for 3rd, SAFE, throw by RF made to third
|
|
Batting: SHB Andy Vivas
|
0-0: Called Strike 0-1: 3-RUN HOME RUN (Flyball, 89XD, EV 111.9 MPH), Distance : 419 ft
|
|
Batting: RHB Dusty Newman
|
0-0: Called Strike 0-1: Ball 1-1: Ball 2-1: Called Strike 2-2: Ground out 6-3 (Groundball, 6M, EV 106.2 MPH)
|
|
Batting: RHB Ken DiFerdinando
|
0-0: Ball 1-0: Ball 2-0: SINGLE (Line Drive, 89M, EV 98.1 MPH)
|
|
Batting: LHB Freddy Troncoso
|
0-0: Ball Ken DiFerdinando is caught stealing 2nd base 2-6 1-0: Called Strike 1-1: Foul Ball, location: 2F 1-2: Ball 2-2: Foul Ball, location: 2F 2-2: SOLO HOME RUN (Flyball, 7LD, EV 97.5 MPH), Distance : 355 ft
|
|
Batting: RHB Yaremka Rzhevsky
|
0-0: Called Strike 0-1: Swinging Strike 0-2: Foul Ball, location: 2F 0-2: Ball 1-2: Strikes out swinging
|
| Top of the 5th over - 4 runs, 5 hits, 0 errors, 0 left on base; Detroit (WIN) 4 - Milwaukee (WIN) 0 |
| BOTTOM OF THE 5TH |
|
Milwaukee (WIN) Brewers batting - Pitching for Detroit (WIN) Tigers : RHP Jose Esquibel
|
|
Batting: RHB Adrian Rudkilde
|
0-0: Foul Ball, location: 2F 0-1: Foul Ball, location: 2F 0-2: Ball 1-2: Ball 2-2: DOUBLE (Line Drive, 78M, EV 93.8 MPH)
|
|
Batting: RHB Jason Gee
|
0-0: Foul Ball, location: 2F 0-1: Ball Wild Pitch! Adrian Rudkilde to third 1-1: Foul Ball, location: 2F 1-2: Strikes out looking
|
|
Batting: SHB Pat Wilson
|
0-0: 2-RUN HOME RUN (Line Drive, 89XD, EV 110.6 MPH), Distance : 429 ft
|
|
Batting: LHB Gabe Harvey
|
0-0: Ball 1-0: Reached on error, E3 (Groundball, 34S, EV 80.0 MPH)
|
|
Batting: RHB Nick Garland
|
0-0: Foul Ball, location: 2F 0-1: Foul Ball, location: 2F 0-2: Ball 1-2: Foul Ball, location: 2F 1-2: Ball 2-2: Ball 3-2: Base on Balls Gabe Harvey to second
|
|
Batting: RHB Aaron Lind
|
0-0: Ball 1-0: Called Strike 1-1: Ball 2-1: Swinging Strike 2-2: Strikes out looking
|
|
Batting: SHB Jamel Wright
|
0-0: Foul Ball, location: 2F 0-1: Ball 1-1: Foul Ball, location: 2F 1-2: Foul Ball, location: 2F 1-2: Strikes out swinging
|
| Bottom of the 5th over - 2 runs, 2 hits, 1 error, 2 left on base; Detroit (WIN) 4 - Milwaukee (WIN) 2 |
| TOP OF THE 6TH |
|
Detroit (WIN) Tigers batting - Pitching for Milwaukee (WIN) Brewers : RHP Brett Rosinsky
|
|
Batting: SHB Adam Weber
|
0-0: SINGLE (Flyball, 6D, EV 90.6 MPH)
|
|
Batting: RHB Bill Cabrera
|
0-0: Ball 1-0: Called Strike 1-1: Ball 2-1: Fly out, F8 (Flyball, 8LM, EV 80.0 MPH)
|
|
Batting: LHB Takuya Uchida
|
0-0: Ball Adam Weber steals 2nd base 1-0: Swinging Strike 1-1: Called Strike 1-2: Ball 2-2: Foul Ball, location: 2F 2-2: Foul Ball, location: 2F 2-2: Strikes out looking
|
|
Batting: RHB Joel Miller
|
0-0: Ball 1-0: Swinging Strike 1-1: Called Strike 1-2: Strikes out swinging
|
| Top of the 6th over - 0 runs, 1 hit, 0 errors, 1 left on base; Detroit (WIN) 4 - Milwaukee (WIN) 2 |
| BOTTOM OF THE 6TH |
|
Milwaukee (WIN) Brewers batting - Pitching for Detroit (WIN) Tigers : RHP Jose Esquibel
|
|
Batting: RHB Kisho Ito
|
0-0: Ball 1-0: Foul Ball, location: 2F 1-1: Ball 2-1: Swinging Strike 2-2: SINGLE (Line Drive, 9S, EV 90.6 MPH)
|
|
Batting: RHB Akitada Nishizawa
|
0-0: Foul Ball, location: 2F 0-1: Ball 1-1: Ball 2-1: Called Strike Kisho Ito steals 2nd base 2-2: Ball 3-2: Base on Balls
|
|
Batting: RHB Adrian Rudkilde
|
0-0: Foul Ball, location: 2F 0-1: Ball 1-1: Ball 2-1: Foul Ball, location: 2F 2-2: Ball 3-2: Fielders Choice at 2nd, 3-6 (Groundball, 34, EV 83.1 MPH) Kisho Ito to third
|
|
Batting: RHB Jason Gee
|
0-0: Swinging Strike 0-1: Foul Ball, location: 2F 0-2: Strikes out swinging
|
|
Batting: SHB Pat Wilson
|
0-0: Ball 1-0: Foul Ball, location: 2F 1-1: Swinging Strike 1-2: Ball 2-2: Foul Ball, location: 2F 2-2: Ball 3-2: Foul Ball, location: 2F 3-2: Base on Balls Adrian Rudkilde to second
|
|
Pitching: RHP Bryan Hallman
|
|
|
Batting: LHB Gabe Harvey
|
0-0: Fly out, F7 (Flyball, 78M, EV 89.4 MPH)
|
| Bottom of the 6th over - 0 runs, 1 hit, 0 errors, 3 left on base; Detroit (WIN) 4 - Milwaukee (WIN) 2 |
| TOP OF THE 7TH |
|
Detroit (WIN) Tigers batting - Pitching for Milwaukee (WIN) Brewers : RHP Brett Rosinsky
|
|
Batting: SHB Andy Vivas
|
0-0: Ball 1-0: Ball 2-0: Ball 3-0: Called Strike 3-1: Foul Ball, location: 2F 3-2: Strikes out looking
|
|
Pitching: RHP Nick Butler
|
|
|
Batting: RHB Dusty Newman
|
0-0: Ball 1-0: Foul Ball, location: 2F 1-1: Ball 2-1: Foul Ball, location: 2F 2-2: Ball 3-2: Foul Ball, location: 2F 3-2: Base on Balls
|
|
Batting: RHB Ken DiFerdinando
|
Pickoff Throw to First - Out! 1-3 0-0: Ball 1-0: Ball 2-0: Ball 3-0: Called Strike 3-1: Base on Balls
|
|
Batting: LHB Freddy Troncoso
|
0-0: Called Strike 0-1: TRIPLE (Groundball, 3L, EV 102.5 MPH) Ken DiFerdinando scores
|
|
Batting: RHB Yaremka Rzhevsky
|
0-0: Called Strike 0-1: Ball 1-1: Ground out 4-3 (Groundball, 4M, EV 85.0 MPH)
|
| Top of the 7th over - 1 run, 1 hit, 0 errors, 1 left on base; Detroit (WIN) 5 - Milwaukee (WIN) 2 |
| BOTTOM OF THE 7TH |
|
Milwaukee (WIN) Brewers batting - Pitching for Detroit (WIN) Tigers : RHP Bryan Hallman
|
|
Batting: RHB Nick Garland
|
0-0: Fly out, F3 (Popup, 34S, EV 83.1 MPH)
|
|
Batting: RHB Aaron Lind
|
0-0: Ball 1-0: Called Strike 1-1: Foul Ball, location: 2F 1-2: Ball 2-2: Ball 3-2: Base on Balls
|
|
Batting: SHB Jamel Wright
|
0-0: Ball 1-0: Swinging Strike 1-1: Ball 2-1: Foul Ball, location: 2F 2-2: Ball 3-2: Foul Ball, location: 2F 3-2: SINGLE (Line Drive, 6D, EV 97.5 MPH) Aaron Lind to second
|
|
Batting: RHB Kisho Ito
|
0-0: Fielders Choice at 2nd, 5-4 (Groundball, 56, EV 78.8 MPH) Aaron Lind to third
|
|
Batting: RHB Akitada Nishizawa
|
0-0: Foul Ball, location: 2F 0-1: Called Strike Kisho Ito steals 2nd base 0-2: Ball 1-2: Ball 2-2: Ball 3-2: Fly out, F5 (Popup, 56, EV 64.4 MPH)
|
| Bottom of the 7th over - 0 runs, 1 hit, 0 errors, 2 left on base; Detroit (WIN) 5 - Milwaukee (WIN) 2 |
| TOP OF THE 8TH |
|
Detroit (WIN) Tigers batting - Pitching for Milwaukee (WIN) Brewers : RHP Nick Butler
|
|
Batting: SHB Adam Weber
|
0-0: Ball 1-0: Foul Ball, location: 2F 1-1: SINGLE (Line Drive, 89S, EV 107.5 MPH)
|
|
Batting: RHB Bill Cabrera
|
0-0: Called Strike 0-1: Foul Ball, location: 2F 0-2: Ball 1-2: Ball 2-2: Strikes out swinging
|
|
Batting: LHB Takuya Uchida
|
0-0: Called Strike 0-1: Ball 1-1: Foul Ball, location: 2F 1-2: Foul Ball, location: 2F 1-2: Ball 2-2: Strikes out looking
|
|
Batting: RHB Joel Miller
|
0-0: Called Strike 0-1: Foul Ball, location: 2F 0-2: Ball 1-2: Strikes out swinging
|
| Top of the 8th over - 0 runs, 1 hit, 0 errors, 1 left on base; Detroit (WIN) 5 - Milwaukee (WIN) 2 |
| BOTTOM OF THE 8TH |
|
Milwaukee (WIN) Brewers batting - Pitching for Detroit (WIN) Tigers : RHP Bryan Hallman
|
|
Batting: RHB Adrian Rudkilde
|
0-0: Foul Ball, location: 2F 0-1: Foul Ball, location: 2F 0-2: Ball 1-2: SINGLE (Line Drive, 89S, EV 90.6 MPH)
|
|
Batting: RHB Jason Gee
|
0-0: Ball 1-0: Called Strike 1-1: Foul Ball, location: 2F 1-2: Ball 2-2: Strikes out swinging
|
|
Batting: SHB Pat Wilson
|
0-0: Ball 1-0: Swinging Strike 1-1: Called Strike 1-2: Foul Ball, location: 2F 1-2: Foul Ball, location: 2F 1-2: Ball 2-2: Ball 3-2: SINGLE (Flyball, 56D, EV 85.6 MPH) Adrian Rudkilde to second
|
|
Batting: LHB Gabe Harvey
|
0-0: DOUBLE (Line Drive, 7LM, EV 97.5 MPH) Adrian Rudkilde scores Pat Wilson to third
|
|
Batting: RHB Nick Garland
|
0-0: Ground out 6-3 (Groundball, 56, EV 86.2 MPH) Pat Wilson scores
|
|
Pinch Hitting: RHB Daniel Donovan
|
0-0: Swinging Strike 0-1: Ball 1-1: Called Strike 1-2: Strikes out swinging
|
| Bottom of the 8th over - 2 runs, 3 hits, 0 errors, 1 left on base; Detroit (WIN) 5 - Milwaukee (WIN) 4 |
| TOP OF THE 9TH |
|
Detroit (WIN) Tigers batting - Pitching for Milwaukee (WIN) Brewers : RHP Nick Butler
|
|
Pitching: RHP Ernie Schmutz
|
|
|
Now at C: Joe Hinson
|
|
|
Batting: SHB Andy Vivas
|
0-0: Called Strike 0-1: Ball 1-1: Ball 2-1: Ball 3-1: Foul Ball, location: 2F 3-2: Fly out, F9 (Flyball, 9LS, EV 88.1 MPH)
|
|
Batting: RHB Dusty Newman
|
0-0: Called Strike 0-1: Ground out U3 (Groundball, 3, EV 103.1 MPH)
|
|
Batting: RHB Ken DiFerdinando
|
0-0: Called Strike 0-1: Ball 1-1: Foul Ball, location: 2F 1-2: Ground out 5-3 (Groundball, 56, EV 101.9 MPH)
|
| Top of the 9th over - 0 runs, 0 hits, 0 errors, 0 left on base; Detroit (WIN) 5 - Milwaukee (WIN) 4 |
| BOTTOM OF THE 9TH |
|
Milwaukee (WIN) Brewers batting - Pitching for Detroit (WIN) Tigers : RHP Bryan Hallman
|
|
Pitching: RHP Stacey Kerssies
|
|
|
Now at SS: Adam Lancaster
|
|
|
Batting: SHB Jamel Wright
|
0-0: Ball 1-0: Foul Ball, location: 2F 1-1: Ground out U3 (Groundball, 3, EV 88.1 MPH)
|
|
Batting: RHB Kisho Ito
|
0-0: Fly out, F1 (Popup, P, EV 79.4 MPH)
|
|
Batting: RHB Akitada Nishizawa
|
0-0: Foul Ball, location: 2F 0-1: Ball 1-1: SINGLE (Line Drive, 89M, EV 97.5 MPH)
|
|
Batting: RHB Adrian Rudkilde
|
0-0: Swinging Strike 0-1: Ball 1-1: Ball 2-1: Ball 3-1: Foul Ball, location: 2F 3-2: Base on Balls Akitada Nishizawa to second
|
|
Batting: RHB Jason Gee
|
0-0: Ball 1-0: Ball 2-0: Ball 3-0: Called Strike 3-1: Called Strike 3-2: Foul Ball, location: 2F 3-2: Reached on error, E2 (Groundball, 13S, EV 67.5 MPH) Akitada Nishizawa to third Adrian Rudkilde to second
|
|
Batting: SHB Pat Wilson
|
0-0: SINGLE (Groundball, 6D, EV 108.1 MPH) Akitada Nishizawa scores Adrian Rudkilde to third Jason Gee to second Runner from 3rd tries for Home, SAFE, throw by LF to home
|
| Bottom of the 9th over - 2 runs, 2 hits, 1 error, 0 left on base; Detroit (WIN) 5 - Milwaukee (WIN) 6 |
| |
|
Game Over ... Milwaukee (WIN) defeats Detroit (WIN), 6 to 5
|
|
|